cohdb
Replays
Latest Replays
All Replays
Popular Replays
Top Player Replays
Match Explorer
How It Works
Community
CoH3 Stats
Reddit
Sign in to upload your games and track your stats! →
Sign in with Steam
Match 44736028
Unlisted
Match 44736028
Overview
Messages
Build Orders
End
Selects Canadian Shock Battlegroup
Construct Section Command Post
Dingo Light Scout Car
Infantry Section
Infantry Section
Construct Platoon Command Post
Selects Offensive Resupply
Selects Canadian Shock Section
Canadian Shock Section
Unlock M3 Stuart Light Tanks
M3 Stuart Light Tank
M3 Stuart Light Tank
Selects Incendiary Munitions
Selects Smoke Operation
M3 Stuart Light Tank
M3 Stuart Light Tank
Smoke Operation
Serial Chiller
BAOZI6013
wei
McLovin
paintbal61
JohnboyDeluxe
296026373
girlbobo
0
0
Comments
sign in to comment!
No comments posted yet!